 Dungeon Crawl Stone Soup version 0.18-a0-1778-gadce9fa (webtiles) character file.

126 Lovchig the Ruffian (level 4, 45/45 HPs)
             Began as a Troll Monk on Apr 16, 2016.
             Starved to death
             ... on level 2 of the Dungeon on Apr 17, 2016.
             The game lasted 02:40:51 (1592 turns).

Lovchig the Ruffian (Troll Monk)                    Turns: 1592, Time: 02:40:52

Health: 45/45      AC:  5    Str: 19    XL:     4   Next: 83%
Magic:  3/3        EV: 11    Int:  6    God:
Gold:   27         SH:  0    Dex: 13    Spells: 0 memorised, 3 levels left

rFire  . . .     SeeInvis .       - Unarmed
rCold  . . .     Gourm    +     a - +0 robe
rNeg   . . .     Faith    .     (no shield)
rPois  .         Spirit   .     (helmet restricted)
rElec  .         Dismiss  .     (no cloak)
rCorr  .         Reflect  .     (gloves unavailable)
SustAt .         Harm     .     (boots unavailable)
MR     .....                    (no amulet)
Stlth  +.........               (no ring)
                                (no ring)

@: fainting, not resistant to hostile enchantments, very unstealthy
A: unfitting armour, claws 3, fast metabolism 3, gourmand, regeneration 2,
shaggy fur 1, tough skin 2
a: no special abilities


You were on level 2 of the Dungeon.
You were fainting.

You visited 1 branch of the dungeon, and saw 2 of its levels.

You collected 27 gold pieces.

Inventory:

Armour
 a - a +0 robe (worn)
 e - a +0 leather armour
 g - a +0 chain mail
Scrolls
 c - a scroll of teleportation {unknown}
 h - 2 scrolls of blinking {unknown}
Potions
 b - a potion of invisibility {unknown}
 d - 2 potions of cure mutation
 f - 3 potions of lignification
 i - 2 potions of degeneration
 j - a potion of heal wounds {unknown}


   Skills:
 * Level 3.0 Fighting
 * Level 0.7 Armour
 * Level 3.2 Dodging
 - Level 1.1 Stealth
 * Level 5.0 Unarmed Combat


You had 3 spell levels left.
You didn't know any spells.

Dungeon Overview and Level Annotations

Branches:
Dungeon (2/15)

Altars:
Pakellas


Innate Abilities, Weirdness & Mutations

You are too large for most types of armour.
You have claws for hands.
Your metabolism is lightning-fast.
You like to eat raw meat.
You heal very quickly.
You are covered in fur (AC +1).
You have very tough skin (AC +2).


Message History

There is a stone staircase leading up here.
There is an open door here.
You see here a dagger.
Things that are here:
a short sword; 2 stones You are starving!
You need to eat something NOW!
A hobgoblin comes into view.
The hobgoblin shouts!
The hobgoblin misses you.
You claw the hobgoblin!
You kill the hobgoblin!
Your Unarmed Combat skill increases to level 5!
Unknown command.
You need to eat something NOW!
You are fainting from starvation!
You lose consciousness!
You can move again.
You have starved to death.
You die...

.#.#...+.........................
,#.#...#...######################
.#.....'...'.....................
.......#...######################
.......########## #..............
####.....).)....# #.#############
***#............###.# #......
,,,#................#######.####.
**,#.#.)....(...@.............##.
**,#.##...).....###########.#.##.
,*,#....รท######## #.#.##.
,*,#####.# #.#.##. ,*,,..##.#
#.#.... ,***#.##.# #.##### ,*
#.##.# #.# .####.##.# #.#
,...#.##.# #.#####


There were no monsters in sight!

Vanquished Creatures
  Ijyb (D:2)
  4 gnolls (D:2)
  5 giant geckos
  2 bats
  3 giant cockroaches
  5 goblins
  7 hobgoblins
  5 jackals
  2 giant newts
  9 kobolds
  8 rats
  A fungus (D:1)
52 creatures vanquished.

Notes
Turn   | Place    | Note
--------------------------------------------------------------
     0 | D:1      | Lovchig the Troll Monk began the quest for the Orb.
     0 | D:1      | Reached XP level 1. HP: 22/22 MP: 0/0
   102 | D:1      | Reached XP level 2. HP: 19/29 MP: 1/1
   636 | D:2      | Reached XP level 3. HP: 36/36 MP: 2/2
   825 | D:2      | Reached XP level 4. HP: 8/44 MP: 3/3
   922 | D:2      | Found an oddly glowing altar of Pakellas.
  1079 | D:2      | Noticed Ijyb
  1091 | D:2      | Killed Ijyb
  1505 | D:2      | Reached skill level 5 in Unarmed Combat
  1578 | D:2      | Paralysed by fainting for 11 turns
  1592 | D:2      | Starved to death

Vault maps used:
D:1:      lemuel_arrival_muddy
D:2:      grunt_pakellas_basics, uniq_iyjb

Skill      XL: |  1  2  3  4 |
---------------+-------------+-----
Dodging        | 3 |  3.2
Fighting       | 3 |  3.0
Unarmed Combat | 5 |  5.0
Armour         | |  0.7
Stealth        | |  1.1

Action                   |  1- 3 |  4- 6 || total
-------------------------+-------+-------++-------
Melee: Unarmed           |    98 |    51 ||   149
       Punch             |       |     3 ||     3
  Use: Scroll            |     2 |     2 ||     4
  Eat: Bread ration      |     1 |     1 ||     2
Armor: Robe              |    33 |     9 ||    42
Dodge: Dodged            |    51 |    29 ||    80
